 Dungeon Crawl Stone Soup version 0.22.1-1-ga44c0e5 (webtiles) character file.

28 YellowHerb the Caller (level 3, -7/19 HPs)
             Began as a Kobold Summoner on Sept 24, 2018.
             Killed by nerve-wracking pain
             ... invoked by Jessica
              (13 damage)
             ... on level 2 of the Dungeon.
             The game lasted 00:09:11 (774 turns).

YellowHerb the Caller (Kobold Summoner)              Turns: 774, Time: 00:09:11

Health: -7/19      AC:  4    Str:  5    XL:     3   Next: 30%
Magic:  0/7        EV: 15    Int: 17    God:
Gold:   37         SH:  0    Dex: 15    Spells: 6/7 levels left

rFire    . . .     SeeInvis .   i - +0 spear
rCold    . . .     Gourm    .   (shield restricted)
rNeg     . . .     Faith    .   a - +0 robe
rPois    .         Spirit   .   j - +0 helmet
rElec    .         Reflect  .   f - +0 cloak
rCorr    .         Harm     .   (no gloves)
MR       .....                  (no boots)
Stlth    ++........             (no amulet)
HPRegen  0.06/turn              (no ring)
MPRegen  0.10/turn              (no ring)

@: no status effects
A: small, carnivore
a: no special abilities


You were on level 2 of the Dungeon.
You were not hungry.

You visited 1 branch of the dungeon, and saw 2 of its levels.

You collected 37 gold pieces.

Inventory:

Hand Weapons
 i - a +0 spear (weapon)
Armour
 a - a +0 robe (worn)
 f - a +0 cloak (worn)
 j - a +0 helmet (worn)
Scrolls
 g - 4 scrolls of identify {unknown}
 h - a scroll of teleportation {unknown}
Potions
 b - a potion of degeneration {unknown}
 d - a potion of brilliance {unknown}
 e - a potion of might {unknown}
Comestibles
 c - 2 rations


   Skills:
 - Level 2.4 Dodging
 - Level 2.7 Stealth
 * Level 2.7 Spellcasting
 * Level 4.6 Summonings


You had 6 spell levels left.
You knew the following spells:

 Your Spells              Type           Power        Failure   Level  Hunger
a - Summon Small Mammal   Summ           ###.         2%          1    #......

Your spell library contained the following spells:

 Spells                   Type           Power        Failure   Level  Hunger
 Call Imp                 Summ           ###.....     4%          2    ##.....
 Call Canine Familiar     Summ           ###.....     8%          3    ###....
 Summon Guardian Golem    Hex/Summ       ##......     21%         3    ###....
 Summon Ice Beast         Ice/Summ       ##......     56%         4    #####..
 Summon Lightning Spire   Summ/Air       ##......     56%         4    #####..


Dungeon Overview and Level Annotations

Branches:
Dungeon (2/15)

Altars:

Annotations:
D:2 Jessica


Innate Abilities, Weirdness & Mutations

You are small and have problems with some larger weapons.
You are carnivorous and can eat meat at any time.


Message History

Jessica casts a spell.
Jessica blinks!
Your bat misses the goblin. Your bat hits the goblin.
The goblin barely misses you.
Your bat closely misses the goblin.
Your bat resists with significant effort.
Something barely misses your bat.
You feel sick.
You are no longer poisoned.
The goblin hits you but does no damage.
You hit the rat.
You kill the rat!
Your bat closely misses Jessica.
Jessica hits your bat with an enchanted club!
Your bat dies!
Your bat's corpse disappears in a puff of smoke!
The goblin barely misses you. Jessica casts a spell at your quokka.
Pain shoots through your body!
Ouch! That really hurt!
You die...

#.. ###### ...... #...
#....# #.....###.... #....#
#....... ....###.... #####
#.%....###.#?..#..# .....
.#......... #....# ......
.......>.# #.g#.##......
.....##..######.#...#......
....r)........@>@r.(.......
..............§..)().......
....###..........##........
........##.................
≈###....#......<..........#
..#.....................# ⌠
#..#.........)........#
#.....................#
....[...............#


You could see Jessica and a friendly quokka.

Vanquished Creatures
  A leopard gecko (D:2)
  A goblin (D:2)
  A rat (D:2)
3 creatures vanquished.

Vanquished Creatures (collateral kills)
  An adder (D:2)
  An ooze (D:1)
  A bat (D:1)
  2 giant cockroaches (D:1)
  6 goblins (D:1)
  2 hobgoblins
  6 kobolds
  A quokka (D:2)
  4 rats
24 creatures vanquished.

Grand Total: 27 creatures vanquished

Notes
Turn   | Place    | Note
-------+----------+-------------------------------------------
     0 | D:1      | YellowHerb the Kobold Summoner began the quest for the Orb.
     0 | D:1      | Reached XP level 1. HP: 10/10 MP: 3/3
    68 | D:1      | Reached XP level 2. HP: 15/15 MP: 1/5
   725 | D:2      | Reached XP level 3. HP: 17/19 MP: 0/6
   748 | D:2      | Noticed Jessica
   774 | D:2      | Killed from afar by Jessica

Action                   || total
-------------------------++-------
Melee: Spear             ||    14
 Cast: Summon Small Mamm ||    45
Armor: Robe              ||     7
Dodge: Dodged            ||    30
